 Dungeon Crawl Stone Soup version 0.16-a0-3749-g20dbed2 (webtiles) character file.

320 Luckoftehdraw the Charmwright (level 6, 0/41 HPs)
             Began as a High Elf Skald on Jan 23, 2015.
             Slain by a gnoll
             ... wielding a +0 flail
              (8 damage)
             ... on level 4 of the Dungeon.
             The game lasted 00:19:18 (3406 turns).

Luckoftehdraw the Charmwright (High Elf Skald)      Turns: 3406, Time: 00:19:18

Health: 0/41       AC:  4    Str: 11    XL:     6   Next: 22%
Magic:  5/18       EV: 12    Int: 18    God:
Gold:   189        SH:  0    Dex: 12    Spells: 5 memorised, 3 levels left

rFire  . . .     SeeInvis .     a - +3 falchion
rCold  . . .     Clarity  .     b - +1 leather armour
rNeg   . . .     SustAb   .     (no shield)
rPois  .         Gourm    .     (no helmet)
rElec  .         Spirit   .     (no cloak)
rCorr  .         Warding  .     (no gloves)
rMut   .         Stasis   .     (no boots)
MR     .....                    (no amulet)
Stlth  +.........               (no ring)
                                e - -3 ring of dexterity

@: infused, singing, regenerating, not resistant to hostile enchantments, very
unstealthy
A: no striking features
a: Stop Singing


You were on level 4 of the Dungeon.
You were hungry.

You visited 1 branch of the dungeon, and saw 5 of its levels.

You collected 189 gold pieces.

Inventory:

Hand weapons
 a - a +3 falchion (weapon)
 g - a +4 short sword of venom
 n - a +2 dagger of venom
 o - a +1 mace of pain
Missiles
 s - 10 tomahawks (quivered)
 y - 24 sling bullets
Armour
 b - a +1 leather armour (worn)
 z - a +0 chain mail
Jewellery
 e - a -3 ring of dexterity (left hand)
 q - an uncursed ring of teleport control {unknown}
Scrolls
 j - a scroll of recharging
 t - a scroll of noise {unknown}
 x - a scroll of identify {unknown}
Potions
 h - a potion of agility {unknown}
 i - a potion of magic {unknown}
 k - 2 potions of might {unknown}
 l - a potion of resistance {unknown}
 m - a potion of degeneration {unknown}
 r - a potion of flight {unknown}
 u - a potion of invisibility
 w - a potion of curing
Books
 c - a book of Battle

   Spells                             Type                      Level
   a - Infusion                       Charms                       1
   b - Shroud of Golubria             Charms/Translocation         2
   c - Song of Slaying                Charms                       2
   d - Spectral Weapon                Hexes/Charms                 3
   e - Regeneration                   Charms/Necromancy            3
Comestibles
 d - 2 bread rations
 f - 2 royal jellies
 p - 6 chunks of flesh
 v - a meat ration


   Skills:
 + Level 2.4 Fighting
 + Level 3.3 Long Blades
 + Level 2.0 Armour
 + Level 3.0 Dodging
 * Level 4.5 Spellcasting
 + Level 4.9 Charms
 + Level 0.4 Necromancy
 + Level 0.4 Translocations


You had 3 spell levels left.
You knew the following spells:

 Your Spells              Type           Power        Failure   Level  Hunger
a - Infusion              Chrm           ###...       2%          1    None
b - Shroud of Golubria    Chrm/Tloc      ##........   12%         2    #......
c - Song of Slaying       Chrm           ###.....     3%          2    #......
d - Regeneration          Chrm/Necr      ##........   21%         3    ###....
e - Spectral Weapon       Hex/Chrm       ##......     21%         3    ###....


Dungeon Overview and Level Annotations

Branches:
Dungeon (5/15)
 Temple: D:4-7

Altars:
Ru
Zin


Message History

The orc wizard burns you. The orc completely misses you.
The orc wizard closely misses you.
You hit the orc wizard.
You kill the orc wizard!
Your Armour skill increases to level 2!
Your Dodging skill increases to level 3!
Casting: Infusion
Confirm with . or Enter, or press ? or * to list all spells.
Space distorts slightly along a thin shroud covering your body.
The gnoll hits you but does no damage. The orc hits you.
* * * LOW HITPOINT WARNING * * *
Casting: Shroud of Golubria
Confirm with . or Enter, or press ? or * to list all spells.
Your skin crawls.
The orc closely misses you. The gnoll hits you with a flail.
* * * LOW HITPOINT WARNING * * *
Your shroud falls apart!
You hit the orc.
You kill the orc!
The gnoll hits you with a flail!
You die...

....... ##.gg...# #g......#
#.g.....# #o......###### #####
#o##.......... #####...##
#####.##.###......
#........###)go#.............
#.####'#...#@#...g...........
#.# ##.##..#.##.......#......
##.###..#####..##.......†.....
#..##...........##......##<..#
#......⌠..>..⌠...'(((.(.######
#..##...........##......# #
##..##..#####..##.......# #
##..##.# #.##........# #
##..#'# #'#........## #


You could see a gnoll and an orc.

Vanquished Creatures
  An ogre (D:4)
  A scorpion (D:4)
  An orc priest (D:3)
  An orc wizard (D:4)
  A hound skeleton (D:4)
  4 adders
  2 giant geckos (D:1)
  4 orcs
  11 bats
  A bat skeleton (D:4)
  A giant cockroach (D:3)
  6 goblins
  9 hobgoblins
  5 jackals
  3 giant newts
  13 kobolds
  9 rats
73 creatures vanquished.

Notes
Turn   | Place    | Note
--------------------------------------------------------------
     0 | D:1      | Luckoftehdraw, the High Elf Skald, began the quest for the Orb.
     0 | D:1      | Reached XP level 1. HP: 14/14 MP: 4/4
    93 | D:1      | Reached XP level 2. HP: 1/19 MP: 0/6
    97 | D:1      | Learned a level 2 spell: Shroud of Golubria
   100 | D:1      | Learned a level 2 spell: Song of Slaying
   379 | D:1      | Reached skill level 1 in Armour
   786 | D:1      | Reached skill level 4 in Charms
  1098 | D:1      | Reached XP level 3. HP: 17/24 MP: 7/10
  1474 | D:2      | Learned a level 3 spell: Regeneration
  1762 | D:2      | Found a sacrificial altar of Ru.
  1768 | D:2      | Became a worshipper of Ru the Awakened
  2157 | D:3      | Noticed a phantom
  2338 | D:3      | Reached XP level 4. HP: 27/29 MP: 10/13
  2446 | D:3      | Found a glowing silver altar of Zin.
  3032 | D:5      | Entered Level 5 of the Dungeon
  3032 | D:5      | Noticed a centaur
  3198 | D:4      | Fell from the grace of Ru
  3210 | D:4      | Reached XP level 5. HP: 28/34 MP: 10/16
  3250 | D:4      | Noticed an ogre
  3275 | D:4      | Killed an ogre
  3275 | D:4      | Reached XP level 6. HP: 35/41 MP: 11/18
  3286 | D:4      | Learned a level 3 spell: Spectral Weapon
  3406 | D:4      | Slain by a gnoll

Action                   |  1- 3 |  4- 6 || total
-------------------------+-------+-------++-------
Melee: Falchion          |    95 |    72 ||   167
       Short sword       |    97 |    54 ||   151
 Cast: Infusion          |     6 |     3 ||     9
       Shroud of Golubri |    20 |    15 ||    35
       Regeneration      |     7 |     5 ||    12
       Song of Slaying   |       |     4 ||     4
       Spectral Weapon   |       |     1 ||     1
Invok: Renounce Religion |       |     1 ||     1
  Use: Scroll            |     3 |     5 ||     8
       Potion            |     1 |     1 ||     2
  Eat: Chunk             |     7 |     5 ||    12
